 Dungeon Crawl Stone Soup version 0.30-a0-311-gf115ab0292 (webtiles) character file.

Game seed: 13419992417873031042

13 purpskrrrp the Nimble (level 2, -3/20 HPs)
             Began as a Gnoll Wanderer on Oct 25, 2022.
             Was a Believer of Uskayaw.
             Frozen to death by an endoplasm (4 damage)
             ... on level 1 of the Dungeon.
             The game lasted 00:01:01 (590 turns).

purpskrrrp the Nimble (Gnoll Wanderer)               Turns: 590, Time: 00:01:02

Health: -3/20      AC:  4    Str:  9    XL:     2   Next: 37%
Magic:  5/5        EV: 14    Int: 12    God:    Uskayaw [**....]
Gold:   33         SH:  4    Dex: 12    Spells: 5/6 levels left

rFire   . . .      SeeInvis .    a - +0 dagger
rCold   . . .      Faith    .    c - +0 buckler
rNeg    . . .      Spirit   .    e - +0 leather armour
rPois   .          Reflect  .    (no helmet)
rElec   .          Harm     .    f - +0 cloak
rCorr   .          Rampage  .    (no gloves)
Will    .....                    (no boots)
Stlth   +.........               (no amulet)
HPRegen 0.23/turn                (no ring)
MPRegen 0.09/turn                (no ring)

@: no status effects
A: fangs 1, strong nose, distributed training
a: Renounce Religion, Stomp, Line Pass


You were on level 1 of the Dungeon.
You worshipped Uskayaw.
Uskayaw was noncommittal.
You visited 1 branch of the dungeon, and saw 1 of its levels.

You collected 33 gold pieces.

Inventory:

Hand Weapons
 a - a +0 dagger (weapon)
Missiles
 b - 3 throwing nets (quivered)
Armour
 c - a +0 buckler (worn)
 e - a +0 leather armour (worn)
 f - a +0 cloak (worn)
Scrolls
 d - 2 scrolls of teleportation
 g - a scroll of silence {unknown}


   Skills:
 + Level 0.4 Fighting
 + Level 0.4 Short Blades
 + Level 0.4 Long Blades
 + Level 0.4 Axes
 + Level 0.4 Maces & Flails
 + Level 0.4 Polearms
 + Level 0.4 Staves
 + Level 0.4 Ranged Weapons
 + Level 0.4 Throwing
 + Level 0.4 Armour
 + Level 8.5 Dodging
 + Level 0.4 Stealth
 + Level 2.5 Shields
 + Level 0.4 Unarmed Combat
 + Level 2.7 Spellcasting
 + Level 0.2 Conjurations
 + Level 0.2 Hexes
 + Level 0.2 Summonings
 + Level 2.0 Necromancy
 + Level 0.2 Translocations
 + Level 0.2 Transmutations
 + Level 0.2 Fire Magic
 + Level 0.2 Ice Magic
 + Level 0.2 Air Magic
 + Level 0.2 Earth Magic
 + Level 0.2 Poison Magic
 + Level 2.5 Invocations
 + Level 4.5 Evocations


You had 5 spell levels left.
You knew the following spells:

 Your Spells              Type           Power      Damage    Failure   Level
a - Kiss of Death         Conj/Necr      16%        2d6       28%         1

Your spell library contained the following spells:

 Spells                   Type           Power      Damage    Failure   Level
 Vampiric Draining        Necr           6%         2d6       52%         3


Dungeon Overview and Level Annotations

Branches:
Dungeon (1/15)

Altars:
Uskayaw


Innate Abilities, Weirdness & Mutations

You have very sharp teeth.
Your uncanny sense of smell can sniff out nearby items.
Your experience applies equally to all skills.


Message History

You are too injured to fight recklessly!
You are too injured to fight recklessly!
You are too injured to fight recklessly!
You are too injured to fight recklessly!
You are too injured to fight recklessly!
You are too injured to fight recklessly!
You are too injured to fight recklessly!
You are too injured to fight recklessly!
You are too injured to fight recklessly!
You are too injured to fight recklessly!
You are too injured to fight recklessly!
You are too injured to fight recklessly!
You are too injured to fight recklessly!
You are too injured to fight recklessly!
You are too injured to fight recklessly!
You are too injured to fight recklessly!
You are too injured to fight recklessly!
You are too injured to fight recklessly!
You hit the goblin.
The goblin is heavily wounded.
You block the goblin's attack. The endoplasm freezes you.
You are frozen.
You hit the goblin.
The goblin is severely wounded.
The goblin hits you but does no damage. The endoplasm freezes you.
You are frozen.
* * * LOW HITPOINT WARNING * * *
You hit the goblin.
You kill the goblin!
The endoplasm hits you.
* * * LOW HITPOINT WARNING * * *
The endoplasm closely misses you.
You can now pass through a line of other dancers.
You hit the endoplasm but do no damage.
The endoplasm is severely wounded.
The endoplasm freezes you.
You are frozen.
You die...

#.# #.## #.# #.## #.# #.## ##
#.# #.## .# ##.######.# ####..#
...# #.....>...###......
#...#...#...........8.8
♣..J♣J....#.####.8.8.
#)@..♣..#.####..8_8
♣...♣.....#......8.8.
#.......#.#.#####...8.8 ..
#.......#.#................. #.
.. ...♣.....♣...♣..#####.###
#.#.♣....#....♣....#...######.#
#......♣...♣.....♣...♣........#
...#.#.......#.#.......########
........#.#.......#.#.##


You could see 2 endoplasms.

Vanquished Creatures
  A bat (D:1)
  3 endoplasms (D:1)
  A goblin (D:1)
  3 hobgoblins (D:1)
  A frilled lizard (D:1)
  2 rats (D:1)
11 creatures vanquished.

Notes
Turn   | Place    | Note
-------+----------+-------------------------------------------
     0 | D:1      | purpskrrrp the Gnoll Wanderer began the quest for the Orb.
     0 | D:1      | purpskrrrp set off with the following items: a +0 dagger, 3
                  | throwing nets, a +0 buckler, a scroll of teleportation, a
                  | +0 leather armour; and the following spell memorised: Kiss
                  | of Death; and the following spells available to memorise:
                  | Vampiric Draining.
     0 | D:1      | Reached XP level 1. HP: 13/13 MP: 4/4
   217 | D:1      | Found a faded altar of an unknown god.
   244 | D:1      | Prayed at the altar of an unknown god.
   244 | D:1      | Became a worshipper of Uskayaw the Reveller
   244 | D:1      | Reached * piety under Uskayaw
   260 | D:1      | Reached XP level 2. HP: 3/19 MP: 5/5
   389 | D:1      | Reached ** piety under Uskayaw
   589 | D:1      | HP: 1/20 [endoplasm (2)]
   590 | D:1      | Frozen to death by an endoplasm

Illustrated notes

Levels and vault maps discovered:
D:1:      dpeg_arrival_shrine, layout_loops_ring,
          chequers_ecumenical_altar_simple_redux,
          nicolae_kite_square_tiling_tiny

Skill      XL: |  1 |
---------------+----+-----
Necromancy     | 2 |  2.0
Fighting       | |  0.4
Short Blades   | |  0.4
Long Blades    | |  0.4
Axes           | |  0.4
Maces & Flails | |  0.4
Polearms       | |  0.4
Staves         | |  0.4
Ranged Weapons | |  0.4
Throwing       | |  0.4
Armour         | |  0.4
Dodging        | |  8.5
Stealth        | |  0.4
Shields        | |  2.5
Unarmed Combat | |  0.4
Spellcasting   | |  2.7
Conjurations   | |  0.2
Hexes          | |  0.2
Summonings     | |  0.2
Translocations | |  0.2
Transmutations | |  0.2
Fire Magic     | |  0.2
Ice Magic      | |  0.2
Air Magic      | |  0.2
Earth Magic    | |  0.2
Poison Magic   | |  0.2
Invocations    | |  2.5
Evocations     | |  4.5

Action                   || total
-------------------------++-------
Melee: Dagger            ||    56
       Bite              ||     8
Armor: Leather armour    ||     6
Dodge: Dodged            ||    30
Block: Buckler           ||    12

Table legend: (Time is in decaauts)
 A = Elapsed time spent in this place.
 B = Non-inter-level travel time spent in this place.
 C = Inter-level travel time spent in this place.
 D = Time resting spent in this place.
 E = Time spent auto-exploring this place.
 F = Levels seen in this place.
 G = Mean time per level.
                   A        B        C        D        E       F      G
               +--------+--------+--------+--------+--------+-----+--------+
         Total |    592 |    587 |      5 |      0 |    464 |   1 |  592.0 |
       Dungeon |    592 |    587 |      5 |      0 |    464 |   1 |  592.0 |
               +--------+--------+--------+--------+--------+-----+--------+

Top non-repeatable levels by time:
     D:1: 592 daAuts
